 Dungeon Crawl Stone Soup version 0.26-a0-1086-g9010512d90 (webtiles) character file.

Game seed: 244980280687059588

1217 streetpizza the Destroyer (level 8, -9/48 HPs)
             Began as a Tengu Conjurer on Dec 14, 2020.
             Was a Believer of Vehumet.
             Mangled by an ogre
             ... wielding a +0 giant club
              (11 damage)
             ... on level 5 of the Dungeon.
             The game lasted 00:15:17 (4589 turns).

streetpizza the Destroyer (Tengu Conjurer)          Turns: 4589, Time: 00:15:17

Health: -9/48      AC:  6    Str: 13    XL:     8   Next: 46%
Magic:  15/15      EV: 17    Int: 21    God:    Vehumet [**....]
Gold:   311        SH:  0    Dex: 13    Spells: 12/15 levels left

rFire    . . .     SeeInvis .   q - +2 quarterstaff (chaos)
rCold    . . .     Faith    .   (shield currently unavailable)
rNeg     . . .     Spirit   .   a - +0 robe
rPois    .         Reflect  .   (helmet restricted)
rElec    .         Harm     .   r - +2 cloak
rCorr    .         Rampage  .   t - +0 pair of gloves
Will     .....     Rnd*Tele +   (boots unavailable)
Stlth    ++........             (no amulet)
HPRegen  0.16/turn              y - ring of teleportation (curse)
MPRegen  0.14/turn              s - +6 ring of strength

@: flying quickly and evasively, quick
A: beak, talons 3, able to fly
a: Stop Flying, Renounce Religion


You were on level 5 of the Dungeon.
You worshipped Vehumet.
Vehumet was pleased with you.
You visited 1 branch of the dungeon, and saw 5 of its levels.

You collected 311 gold pieces.

Inventory:

Hand Weapons
 o - a +2 mace of holy wrath
 q - a +2 quarterstaff of chaos (weapon)
Missiles
 h - 35 poisoned darts (quivered)
Armour
 a - a +0 robe (worn)
 r - a +2 cloak (worn)
 t - a +0 pair of gloves (worn)
Jewellery
 n - an uncursed ring of resist corrosion
 s - a +6 ring of strength (right hand)
 y - a cursed ring of teleportation (left hand)
 A - a +6 ring of strength
Wands
 v - a wand of flame (20)
 z - a wand of polymorph (8)
Scrolls
 c - 8 scrolls of identify {unknown}
 d - 4 scrolls of teleportation {unknown}
 e - 2 scrolls of enchant weapon {unknown}
 j - a scroll of magic mapping {unknown}
 k - a scroll of remove curse {unknown}
 m - a scroll of noise {unknown}
Potions
 b - a potion of curing {unknown}
 f - 2 potions of flight {unknown}
 g - a potion of attraction {unknown}
 i - 4 potions of mutation {unknown}
 l - 2 potions of cancellation {unknown}
 p - a potion of magic {unknown}
 u - a potion of lignification {unknown}
 w - a potion of resistance {unknown}
 x - a potion of haste {unknown}


   Skills:
 + Level 4.1 Fighting
 + Level 5.2 Dodging
 - Level 2.0 Stealth
 + Level 4.4 Spellcasting
 * Level 9.8 Conjurations


You had 12 spell levels left.
You knew the following spells:

 Your Spells              Type           Power        Failure   Level
a - Magic Dart            Conj           ####         1%          1
b - Searing Ray           Conj           #####.       1%          2

Your spell library contained the following spells:

 Spells                   Type           Power        Failure   Level
 Foxfire                  Conj/Fire      ####         1%          1
 Dazzling Flash           Conj/Hex       ####..       4%          3
 Fulminant Prism          Conj/Hex       ####......   16%         4
 Iskenderun's Mystic Bla  Conj/Tloc      ####....     16%         4
 Vampiric Draining        Necr           #.........   34%         3
 Dispel Undead            Necr           #.......     75%         4
 Simulacrum               Ice/Necr       #.........   100%        6
 Statue Form              Tmut/Erth      #........    100%        6


Dungeon Overview and Level Annotations

Branches:
Dungeon (5/15)
 Temple: D:4-7

Altars:
Makhleb
Uskayaw
Vehumet


Innate Abilities, Weirdness & Mutations

You have a beak for a mouth.
You have claws for feet.
You can fly continuously.


Message History

The bullfrog skeleton barely misses you.
Found a leatherbound book.
You hit the bullfrog skeleton. You claw the bullfrog skeleton.
You peck the bullfrog skeleton.
The bullfrog skeleton is heavily damaged.
The bullfrog skeleton closely misses you. x2
Something hits you!!
Ouch! That really hurt!
Deactivating autopickup; reactivate with Ctrl-A.
You sock the bullfrog skeleton! You freeze the bullfrog skeleton.
Your kick misses the bullfrog skeleton.
The bullfrog skeleton is almost destroyed.
The bullfrog skeleton misses you. Something hits you!
* * * LOW HITPOINT WARNING * * *
The bullfrog skeleton completely misses you.
You thump the bullfrog skeleton!
You destroy the bullfrog skeleton!
Vehumet accepts your kill. Something hits you!
You die...

..#.#..#.#
.......#######
.#####.#.###.....###.
...................).
######.#.###.....##
.......#.###.....#
...##............######
#..............)(....)#
#..##.......###.@.....#
#.........).# #.......#
#.###.......# #.......#
#.###.......# #.......#
............. ..........
########.######....[..#.
# .# #.......# #####
..#####.: .....


There were no monsters in sight!

Vanquished Creatures
  Pikel (D:4)
  Edmund (D:5)
  2 ogres (D:5)
  A centaur (D:4)
  2 lemures (D:4)
  A bullfrog (D:2)
  2 orc wizards
  A bullfrog skeleton (D:5)
  Crazy Yiuf (D:2)
  An iguana (D:4)
  2 worker ants
  Robin (D:2)
  7 adders
  An ooze (D:4)
  2 adder skeletons (D:4)
  3 worms
  3 dart slugs
  2 leopard geckos
  7 orcs
  4 giant cockroaches
  9 goblins
  14 hobgoblins
  6 jackals
  2 quokkas
  2 ball pythons (D:3)
  4 bats
  4 frilled lizards
  4 kobolds
  5 rats
95 creatures vanquished.

Vanquished Creatures (others)
  A plant (D:2)
1 creature vanquished.

Grand Total: 96 creatures vanquished

Notes
Turn   | Place    | Note
-------+----------+-------------------------------------------
     0 | D:1      | streetpizza the Tengu Conjurer began the quest for the Orb.
     0 | D:1      | Reached XP level 1. HP: 10/10 MP: 4/4
   281 | D:1      | Reached XP level 2. HP: 16/16 MP: 3/6
   284 | D:1      | Learned a level 2 spell: Searing Ray
  1088 | D:1      | Reached XP level 3. HP: 18/20 MP: 7/7
  1182 | D:2      | Noticed Robin
  1193 | D:1      | Reached skill level 1 in Fighting
  1305 | D:2      | Reached skill level 6 in Conjurations
  1591 | D:2      | Found a hide-covered altar of Uskayaw.
  1598 | D:2      | Found a radiant altar of Vehumet.
  1598 | D:2      | Found a burning altar of Makhleb.
  1602 | D:2      | Became a worshipper of Vehumet
  1665 | D:2      | Reached XP level 4. HP: 25/25 MP: 5/8
  1865 | D:2      | Noticed a bullfrog
  1869 | D:2      | Killed a bullfrog
  1870 | D:2      | Gained mutation: You can fly continuously. [Tengu growth]
  1870 | D:2      | Reached XP level 5. HP: 25/30 MP: 3/10
  2036 | D:2      | Killed Robin
  2261 | D:2      | Found a runed translucent door.
  2262 | D:2      | Noticed Crazy Yiuf
  2270 | D:2      | Killed Crazy Yiuf
  2271 | D:2      | Reached skill level 7 in Conjurations
  2488 | D:2      | Reached XP level 6. HP: 18/35 MP: 11/11
  3097 | D:3      | Reached * piety under Vehumet
  3097 | D:3      | Offered knowledge of Shock by Vehumet.
  3523 | D:4      | Noticed Pikel
  3533 | D:4      | Killed Pikel
  3534 | D:4      | Reached skill level 8 in Conjurations
  3534 | D:4      | Reached XP level 7. HP: 14/41 MP: 0/13
  3775 | D:4      | Reached skill level 9 in Conjurations
  3775 | D:4      | Reached XP level 8. HP: 35/46 MP: 13/15
  4234 | D:4      | Offered knowledge of Foxfire by Vehumet.
  4238 | D:4      | Reached ** piety under Vehumet
  4436 | D:5      | Entered Level 5 of the Dungeon
  4495 | D:5      | Noticed Edmund
  4501 | D:5      | Killed Edmund
  4502 | D:5      | Reached skill level 5 in Dodging
  4556 | D:5      | Identified the Tome of Doomed Transmutation
  4588 | D:5      | HP: 1/48 [something (15)]
  4589 | D:5      | Mangled by an ogre

Illustrated notes

Levels and vault maps discovered:
D:1:      wander_arrival_peaceful_grave, layout_loops_corners
D:2:      layout_loops_ring, gammafunk_temple_overflow_forgotten, uniq_robin,
          uniq_crazy_yiuf_cottage
D:3:      layout_rooms
D:4:      layout_basic, uniq_pikel
D:5:      layout_basic, old_standard_altar, uniq_ijyb, uniq_edmund

Skill      XL: |  1  2  3  4  5  6  7  8 |
---------------+-------------------------+-----
Fighting       | 1 2 3 4 |  4.1
Conjurations   | 6 7 8 9 |  9.8
Dodging        | 3 4 5 |  5.2
Spellcasting   | 3 4 |  4.4
Stealth        | |  2.0

Action                   |  1- 3 |  4- 6 |  7- 9 || total
-------------------------+-------+-------+-------++-------
Melee: Unarmed           |    48 |     3 |       ||    51
       Peck              |     7 |     5 |     9 ||    21
       Kick              |     3 |     8 |    11 ||    22
       Dagger            |       |    11 |       ||    11
       Quarterstaff      |       |    39 |    49 ||    88
       Mace              |       |     4 |       ||     4
 Cast: Magic Dart        |    21 |     6 |     2 ||    29
       Searing Ray       |     9 |    12 |     2 ||    23
 Abil: Fly               |       |     1 |       ||     1
 Stab: Sleeping          |     1 |     3 |     3 ||     7
       Confused          |       |     1 |       ||     1
       Paralysed         |       |     1 |       ||     1
Armor: Robe              |    22 |    13 |     6 ||    41
Dodge: Dodged            |    40 |    57 |    49 ||   146

Table legend: (Time is in decaauts)
 A = Elapsed time spent in this place.
 B = Non-inter-level travel time spent in this place.
 C = Inter-level travel time spent in this place.
 D = Time resting spent in this place.
 E = Time spent auto-exploring this place.
 F = Levels seen in this place.
 G = Mean time per level.
                   A        B        C        D        E       F      G
               +--------+--------+--------+--------+--------+-----+--------+
         Total |   4474 |   4340 |    134 |    434 |   3151 |   5 |  894.8 |
       Dungeon |   4474 |   4340 |    134 |    434 |   3151 |   5 |  894.8 |
               +--------+--------+--------+--------+--------+-----+--------+

Top non-repeatable levels by time:
     D:2: 1647 daAuts
     D:1: 1246 daAuts
     D:4: 902 daAuts
     D:3: 532 daAuts
     D:5: 146 daAuts
